 Dungeon Crawl Stone Soup version 0.21.1-1-g345015fe64 (webtiles) character file.

44 Ivernyr the Magician (level 3, -1/28 HPs)
             Began as a Draconian Wizard on May 3, 2018.
             Slain by a centaur
             ... wielding a +0 short sword
              (2 damage)
             ... on level 2 of the Dungeon.
             The game lasted 00:20:54 (2558 turns).

Ivernyr the Magician (Draconian Wizard)             Turns: 2558, Time: 00:20:55

Health: -1/28      AC:  8    Str:  9    XL:     3   Next: 41%
Magic:  2/8        EV: 12    Int: 19    God:
Gold:   93         SH:  0    Dex:  9    Spells: 0/9 levels left

rFire    + . .     SeeInvis .   (no weapon)
rCold    + . .     Gourm    .   (no shield)
rNeg     . . .     Faith    .   (armour unavailable)
rPois    +         Spirit   .   a - +0 hat
rElec    +         Reflect  .   e - +2 cloak {rPois}
rCorr    +         Harm     .   (no gloves)
MR       .....                  (no boots)
Stlth    ++........             (no amulet)
HPRegen  0.09/turn              (no ring)
MPRegen  0.11/turn              (no ring)

@: resistant, flying, very slightly contaminated
A: unfitting armour, cold-blooded, AC +5
a: no special abilities


You were on level 2 of the Dungeon.
You were not hungry.

You visited 1 branch of the dungeon, and saw 2 of its levels.

You collected 93 gold pieces.

Inventory:

Armour
 a - a +0 hat (worn)
 e - a +2 cloak of poison resistance (worn)
Scrolls
 d - a scroll of random uselessness {unknown}
 f - a scroll of identify {unknown}
 g - 2 scrolls of fog {unknown}
 j - a scroll of immolation {unknown}
 k - a scroll of teleportation {unknown}
 l - a scroll of enchant armour {unknown}
Books
 b - a book of Minor Magic

   Spells                             Type                      Level
   a - Magic Dart                     Conjuration                  1
   b - Blink                          Translocation                2
   c - Call Imp                       Summoning                    2
   d - Slow                           Hexes                        2
   e - Conjure Flame                  Conjuration/Fire             3
   f - Mephitic Cloud                 Conjuration/Poison/Air       3
Comestibles
 c - 4 rations


   Skills:
 + Level 1.1 Fighting
 - Level 2.0 Dodging
 - Level 1.7 Stealth
 + Level 3.6 Spellcasting
 * Level 1.9 Conjurations
   Level 1.0 Summonings
 - Level 1.0 Translocations


You couldn't memorise any spells.
You knew the following spells:

 Your Spells              Type           Power        Failure   Level  Hunger
a - Magic Dart            Conj           ##..         6%          1    None
b - Blink                 Tloc           N/A          14%         2    ##.....
c - Conjure Flame         Conj/Fire      #.......     28%         3    ###....
d - Mephitic Cloud        Conj/Pois/Air  #.......     32%         3    ###....


Dungeon Overview and Level Annotations

Branches:
Dungeon (2/15)

Altars:
Cheibriados
Hepliaklqana
Xom


Innate Abilities, Weirdness & Mutations

Your plain brown scales are hard. (AC +5)
You cannot fit into any form of body armour.
You are cold-blooded and may be slowed by cold attacks.


Message History

You barely miss the centaur.
Your tail-slap misses the centaur.
The centaur hits you but does no damage.
The centaur barely misses you.
You hit the centaur but do no damage.
You tail-slap the centaur, but do no damage.
The centaur closely misses you.
You hit the centaur.
Your tail-slap misses the centaur.
The centaur is lightly wounded.
The centaur hits you with an uncursed short sword.
The centaur hits you but does no damage.
You closely miss the centaur.
Your tail-slap misses the centaur.
The centaur is lightly wounded.
The centaur hits you with an uncursed short sword.
* * * LOW HITPOINT WARNING * * *
You hit the centaur but do no damage.
The centaur is lightly wounded.
The centaur hits you with an uncursed short sword.
* * * LOW HITPOINT WARNING * * *
The centaur hits you with an uncursed short sword.
You die...

############# #...........#
########### #.#########.#
#.(....)..# #@# #.#
###.#######.####c####### ...
#.............(.........#.....
#.#.###################...##.c#
#.#.# ##. #..### #.#.#
#.##....# ..#.# #. ...... ###.#
# #.##.# ###.####### #.##.##.#


You could see a centaur.

Vanquished Creatures
  A dart slug (D:2)
  3 leopard geckos
  2 ball pythons
  A giant cockroach (D:1)
  4 goblins
  6 hobgoblins
  8 kobolds
  4 bats
  5 frilled lizards
  5 rats
39 creatures vanquished.

Notes
Turn   | Place    | Note
-------+----------+-------------------------------------------
     0 | D:1      | Ivernyr the Draconian Wizard began the quest for the Orb.
     0 | D:1      | Reached XP level 1. HP: 14/14 MP: 4/4
   307 | D:1      | Reached XP level 2. HP: 20/20 MP: 0/6
  1411 | D:2      | Reached XP level 3. HP: 27/27 MP: 5/8
  1548 | D:2      | Learned a level 2 spell: Blink
  1552 | D:2      | Learned a level 3 spell: Conjure Flame
  1556 | D:2      | Learned a level 3 spell: Mephitic Cloud
  1669 | D:2      | Found a snail-covered altar of Cheibriados.
  1669 | D:2      | Found a hazy altar of Hepliaklqana.
  1671 | D:2      | Found a shimmering altar of Xom.
  1681 | D:2      | Reached skill level 1 in Fighting
  1791 | D:2      | Noticed a centaur
  2558 | D:2      | HP: 1/28 [centaur/uncursed short sword (5)]
  2558 | D:2      | Slain by a centaur

Skill      XL: |  1  2  3 |
---------------+----------+-----
Dodging        | 2 |  2.0
Fighting       | 1 |  1.1
Stealth        | |  1.7
Spellcasting   | |  3.6
Conjurations   | |  1.9
Summonings     | |  1.0
Translocations | |  1.0

Action                   || total
-------------------------++-------
Melee: Unarmed           ||    38
       Tailslap          ||     4
 Cast: Magic Dart        ||   103
       Mephitic Cloud    ||     3
  Use: Potion            ||     2
  Eat: Chunk             ||     5
Armor: Skin              ||    16
Dodge: Dodged            ||    36
